AoeStats
← Bingoking

Arabia

508935837Analyzed
1v1 RM · 6d ago on Sep 24, 2026· 44m 12s· 2 players
Game mode
Random Map
Map size
Tiny (2 player)
Population
200
Speed
Normal
Resources
Standard
Victory
Conquest
Starting age
Dark Age
Ending age
Imperial Age
RankedLock teamsTeams togetherTeam positionsShared explorationLock speedFull tech treeHidden civsTurbo modeCheats
Victory
Defeat
🇩🇪 Mongols · Germany
1210
+14
🇹🇷 Malay · Türkiye
1168
-14
zorro
10:26 Feudal Age
10:26 Loom
10:52 Man-at-Arms
11:18 Arson
16:37 Double-Bit Axe
16:47 Horse Collar
22:38 Castle Age
21:10 Scale Barding Armor
21:15 Gold Mining
22:34 Squires
22:05 Long Swordsman
25:45 Husbandry
28:16 Bow Saw
28:54 Heavy Plow
30:16 Wheelbarrow
29:26 Town Watch
31:02 Town Patrol
31:40 Stone Mining
32:46 Gold Shaft Mining
32:58 Hand Cart
38:14 Imperial Age
37:29 Stone Mining
37:52 Thumb Ring
37:37 Elite Skirmisher
38:30 Padded Archer Armor
38:21 Fletching
40:59 Leather Archer Armor
40:39 Bodkin Arrow
42:25 Chemistry
42:44 Ballistics
Bingoking
9:55 Feudal Age
9:55 Man-at-Arms
10:21 Double-Bit Axe
11:55 Horse Collar
12:38 Loom
21:46 Castle Age
20:34 Bloodlines
20:17 Gold Mining
22:30 Husbandry
24:41 Fletching
25:43 Forging
31:10 Thumb Ring
31:34 Bodkin Arrow
32:50 Padded Archer Armor
34:55 Gold Shaft Mining
34:50 Leather Archer Armor
37:25 Ballistics
38:10 Wheelbarrow
40:25 Imperial Age
38:17 Bow Saw
39:19 Iron Casting
38:41 Light Cavalry
41:10 Hand Cart
41:53 Heavy Plow
42:11 Heavy Cavalry Archer
45:18 Blast Furnace
44:25 Bracer
44:52 Parthian Tactics
Connection lost

Rejoining the realm…

Still unreachable

The connection could not be restored.

Session expired

The server has moved on; the page needs a fresh start.